 Dungeon Crawl Stone Soup version 0.26-a0-651-gb41185065b (webtiles) character file.

Game seed: 3107295835224438259

35242 sanka the Fighter (level 13, -1/119 HPs)
             Began as a Ghoul Fighter on Oct 18, 2020.
             Was a High Priest of Makhleb.
             Slain by a balrug
             ... wielding a +0 demon whip of electrocution
             ... summoned by the player character
              (10 damage)
             ... on level 1 of the Orcish Mines.
             The game lasted 00:34:17 (14265 turns).

sanka the Fighter (Ghoul Fighter)                  Turns: 14265, Time: 00:34:18

Health: -1/119     AC: 23    Str: 21    XL:     13   Next: 82%
Magic:  20/20      EV: 16    Int:  3    God:    Makhleb [*****.]
Gold:   1036       SH:  0    Dex: 21    Spells: 12/12 levels left

rFire    . . .     SeeInvis .   a - +10 great mace of Girohyti {drain, MR+ Dex+5}
rCold    + . .     Faith    +   (shield currently unavailable)
rNeg     + + +     Spirit   .   N - +2 plate armour {MR+}
rPois    ∞         Reflect  .   (no helmet)
rElec    .         Harm     .   G - +0 cloak
rCorr    .         Rampage  .   q - +2 pair of gloves
MR       +++..                  y - +0 pair of boots
Stlth    ..........             V - amulet "Ceigam" {Faith Dex+4 Slay+5}
HPRegen  0.00/turn              J - +4 ring of evasion
MPRegen  0.17/turn              P - ring of protection from magic

@: studying Maces & Flails
A: rotting body, claws 1, cold resistance 1, negative energy resistance 3,
inhibited regeneration, torment resistance, unbreathing
a: Minor Destruction, Lesser Servant of Makhleb, Major Destruction, Greater
Servant of Makhleb, Renounce Religion


You were on level 1 of the Orcish Mines.
You worshipped Makhleb.
Makhleb was extremely pleased with you.
You visited 4 branches of the dungeon, and saw 16 of its levels.
You also visited: Ossuary and Bailey.

You collected 1888 gold pieces.
You spent 852 gold pieces at shops.


Innate Abilities, Weirdness & Mutations

Your body is rotting away.
You thrive by killing the living.
You are immune to poison.
You have sharp fingernails.
Your flesh is cold resistant. (rC+)
You are immune to negative energy. (rN+++)
You do not regenerate when monsters are visible.
You are immune to unholy pain and torment.
You can survive without breathing.


   Skills:
 + Level 12.7 Fighting
 - Level 9.5 Axes
 + Level 10.8 Armour
 + Level 8.5 Dodging
   Level 2.6 Shields
 + Level 11.1 Invocations


You had 12 spell levels left.
You didn't know any spells.
Your spell library contained the following spells:

 Spells                   Type           Power        Failure   Level
 Beastly Appendage        Tmut           Unusable     N/A         1
 Wereblood                Tmut           Unusable     N/A         2
 Spider Form              Tmut/Pois      Unusable     N/A         3
 Ice Form                 Ice/Tmut       Unusable     N/A         4
 Blade Hands              Tmut           Unusable     N/A         5

Inventory:

Hand Weapons
 a - the +10 great mace of Girohyti (weapon) {drain, MR+ Dex+5} A truly terrible weapon, it drains the life of those it strikes. It affects your dexterity (+5). It affects your resistance to hostile enchantments.
 u - a +0 broad axe
Missiles
 p - 3 curare-tipped darts {=f}
 T - 4 throwing nets {=f}
Armour
 q - a +2 pair of gloves (worn)
 y - a +0 pair of boots (worn)
 G - a +0 cloak (worn)
 N - a +2 plate armour of magic resistance (worn)
Jewellery
 i - an uncursed ring of ice
 n - an uncursed ring of fire
 D - the ring of Henotheism {*Tele rPois Str+4 Dex+4}

   [ring of teleportation]

   It may teleport you next to monsters.
   It affects your strength (+4).
   It affects your dexterity (+4).
   It protects you from poison.
 J - a +4 ring of evasion (left hand)
 P - a ring of protection from magic (right hand)
 V - the amulet "Ceigam" (around neck) {Faith Dex+4 Slay+5}

   [amulet of faith]

   It allows you to gain divine favour quickly.
   It affects your dexterity (+4).
   It affects your accuracy and damage with ranged weapons and melee attacks
   (+5).
Wands
 c - a wand of digging (5)
 A - a wand of disintegration (11)
 E - a wand of polymorph (8)
 R - a wand of iceblast (11)
 S - a wand of acid (12)
Scrolls
 b - 2 scrolls of fog
 e - a scroll of identify {@r1}
 g - 4 scrolls of blinking
 l - 3 scrolls of magic mapping
 r - 3 scrolls of enchant weapon
 s - 4 scrolls of enchant armour
 v - 12 scrolls of teleportation {@r4}
 w - 3 scrolls of silence {!r}
 x - 11 scrolls of remove curse
 C - a scroll of fear
 H - a scroll of amnesia
 I - 3 scrolls of vulnerability {!r}
 K - a scroll of torment
 Q - 2 scrolls of immolation {!r}
Potions
 d - 5 potions of might
 f - 2 potions of berserk rage {unknown}
 h - 3 potions of haste {@q3}
 j - 3 potions of brilliance
 k - 2 potions of magic {unknown}
 m - a potion of flight {unknown}
 o - 2 potions of invisibility {unknown}
 z - 9 potions of curing {@q1}
 B - a potion of mutation {unknown}
 L - a potion of ambrosia {unknown}
 M - 2 potions of heal wounds {@q2}
 O - a potion of resistance {unknown}
Books
 F - a manual of Maces & Flails

Dungeon Overview and Level Annotations

Branches:
Dungeon (12/15)            Temple (1/1) D:6            Lair (0/6) D:10
    Orc (2/2) D:11            Elf (1/3) Orc:2       Ossuary (visited)
 Bailey (visited)

Altars:
Ashenzari
Cheibriados
Dithmenos
Elyvilon
Fedhas
Gozag
Hepliaklqana
Kikubaaqudgha
Makhleb
Nemelex Xobeh
Okawaru
Qazlal
Ru
Sif Muna
Trog
Uskayaw
Vehumet
Wu Jian
Xom
Yredelemnul
Zin
The Shining One

Shops:
D:2 *   D:9 ?   D:10 =   D:11 :   D:12 *   Orc:1 *=[*   Orc:2 [**?

Annotations:
Orc:1 2 runed translucent doors, exclusion: orange crystal statue

▒▒▒ ▒▒▒▒▒▒▒▒▒▒▒▒.▒▒▒
▒..............▒▒
▒▒▒▒.▒▒▒▒▒▒▒▒▒.....▒ ▒▒.▒..▒
..... ▒....▒▒
▒.....▒.▒...▒.▒....▒▒▒▒▒
▒▒.▒..▒.......▒....▒.▒.▒▒
▒.....+...[...+.n2......▒
......▒.......▒.........▒ ▒▒▒
......▒.▒...▒.▒.▒▒.8▒...▒▒▒▒.▒▒
......▒ .....8▒.▒▒▒......▒▒...▒▒▒
......▒▒▒▒▒▒▒▒▒.▒ ▒∩.....▒▒....▒▒
................▒ ▒.....▒▒.......
......▒▒▒..)...▒▒ ▒>▒.....▒......
...........[[...▒▒▒.▒........▒...
..........▒.▒▒.▒.▒▒8.▒........▒..


You could see a balrug (summoned).


Message History

Unknown command.
You now have 1036 gold pieces (gained 17).
Marking area around an orange crystal statue as unsafe for travelling.
Partly explored, can't reach some places.
Partly explored, can't reach some places.
Item here: the +10 tower shield of Ignorance {rN+ Int-4}.
The floor.
Use which ability? (? or * to list) It doesn't seem very happy.
You sock the balrug!
The balrug is lightly wounded.
The balrug hits you but does no damage.
Unknown command.
You hit the balrug.
The balrug is lightly wounded.
The balrug hits you with a +0 demon whip of electrocution!
You are engulfed in flames!
You are electrocuted!
The balrug hits you with a +0 demon whip of electrocution!
* * * LOW HITPOINT WARNING * * *
You are engulfed in flames!!
* * * LOW HITPOINT WARNING * * *
You sock the balrug!
The balrug is moderately wounded.
The balrug hits you but does no damage.
You are electrocuted!!
* * * LOW HITPOINT WARNING * * *
The balrug hits you with a +0 demon whip of electrocution!
You die...

Action                   |  1- 3 |  4- 6 |  7- 9 | 10-12 | 13-15 || total
-------------------------+-------+-------+-------+-------+-------++-------
Melee: War axe           |    93 |   185 |   235 |       |       ||   513
       Great mace        |       |       |   163 |   578 |   165 ||   906
Invok: Minor Destruction |       |       |       |    22 |       ||    22
       Lesser Servant of |       |       |       |     2 |     1 ||     3
       Greater Servant o |       |       |       |       |     1 ||     1
  Use: Scroll            |       |       |    14 |    11 |       ||    25
       Potion            |       |       |       |       |     1 ||     1
 Stab: Distracted        |       |       |       |       |     1 ||     1
Armor: Scale mail        |    50 |       |       |       |       ||    50
       Chain mail        |    17 |   144 |   119 |    39 |    57 ||   376
       Plate armour      |       |       |   115 |    30 |    15 ||   160
       Ring mail         |       |       |       |   250 |       ||   250
Dodge: Dodged            |    25 |    26 |    78 |   815 |   180 ||  1124
Block: Kite shield       |    35 |       |       |       |       ||    35
       Tower shield      |    21 |   209 |   186 |       |       ||   416

Levels and vault maps discovered:
D:1:      wander_arrival_abandoned_jail, layout_basic, minmay_split_cup_large
D:2:      layout_loops_ring, zin_purify, gammafunk_temple_overflow_claw
D:3:      layout_rooms, ashenzari_altar_1, nicolae_overflow_crystal_walls,
          cheibriados_altar_1
D:4:      layout_rooms, minmay_crystal_room
D:5:      layout_rooms
D:6:      layout_basic, minmay_temple_entry_trees,
          minmay_hollow_rounded_squares, uniq_crazy_yiuf_cottage
D:7:      kennysheep_spiral_hall, layout_loops_corners, elyvilon_altar_5,
          uniq_duvessa
D:8:      layout_layer_cave, gammafunk_ghost_grave,
          nicolae_ossuary_entry_catacombs
D:9:      layout_loops_corners, serial_shops, shop_scrolls, uniq_harold
D:10:     layout_gridville, grunt_lair_entry_orc_guard_hut, serial_shops, shop
D:11:     layout_basic, erik_orc_2, serial_shops, shop
D:12:     layout_basic, enter_bailey_3, serial_shops, shop
Temple:   eino_temple_water
Orc:1:    layout_caves, serial_shops, shop, nicolae_shop_waterfront, shop,
          shop_statue, chequers_guarded_unrand_ignorance
Orc:2:    st_orc_open, layout_caves, serial_shops, shop,
          ebering_ghost_rock_garden, mines2_lemuel
Elf:1:    minmay_elf_arrival_summoners, layout_gridlike,
          hangedman_elf_disciples, uniq_azrael

Notes
Turn   | Place    | Note
-------+----------+-------------------------------------------
     0 | D:1      | sanka the Ghoul Fighter began the quest for the Orb.
     0 | D:1      | Reached XP level 1. HP: 19/19 MP: 0/0
    29 | D:1      | Reached skill level 2 in Axes
    57 | D:1      | Reached XP level 2. HP: 21/26 MP: 1/1
   314 | D:1      | Reached XP level 3. HP: 29/33 MP: 2/2
   572 | D:1      | Reached skill level 3 in Axes
   821 | D:2      | Found a radiant altar of Vehumet.
   821 | D:2      | Found an iron altar of Okawaru.
   821 | D:2      | Found a sparkling altar of Nemelex Xobeh.
  1147 | D:2      | Found Zin's Purification Station.
  1147 | D:2      | Found a glowing silver altar of Zin.
  1378 | D:3      | Reached skill level 4 in Fighting
  1407 | D:3      | Found a shimmering altar of Xom.
  1416 | D:3      | Reached XP level 4. HP: 40/40 MP: 3/3
  1580 | D:3      | Reached skill level 4 in Axes
  1629 | D:3      | Found a broken altar of Ashenzari.
  1679 | D:3      | Found a snail-covered altar of Cheibriados.
  1686 | D:3      | Reached XP level 5. HP: 46/46 MP: 4/4
  2088 | D:4      | Reached skill level 5 in Axes
  2156 | D:4      | Reached XP level 6. HP: 52/52 MP: 5/5
  2510 | D:4      | Got a sapphire mace
  2673 | D:5      | Entered Level 5 of the Dungeon
  2708 | D:5      | Noticed a phantom
  2728 | D:5      | Killed a phantom
  2728 | D:5      | Reached skill level 6 in Axes
  2728 | D:5      | Reached XP level 7. HP: 39/59 MP: 6/6
  3349 | D:6      | Found a runed translucent door.
  3350 | D:6      | Noticed Crazy Yiuf
  3375 | D:6      | Found a staircase to the Ecumenical Temple.
  3423 | Temple   | Entered the Ecumenical Temple
  3627 | Temple   | Became a worshipper of Makhleb the Destroyer
  3689 | D:6      | Found a large runed translucent door.
  3689 | D:6      | Found a large runed translucent door.
  3691 | D:6      | Reached skill level 7 in Axes
  3956 | D:6      | Got a wavering platinum ring
  3957 | D:6      | Identified the ring of Henotheism {*Tele rPois Str+4 Dex+4}
                  | (You found it on level 6 of the Dungeon)
  3993 | D:6      | Reached XP level 8. HP: 59/66 MP: 7/7
  4007 | D:6      | Reached skill level 8 in Axes
  4143 | D:6      | Found a large runed translucent door.
  4143 | D:6      | Noticed a troll
  4144 | D:6      | Found a large runed translucent door.
  4266 | D:6      | Reached * piety under Makhleb
  4390 | D:6      | Killed Crazy Yiuf
  4492 | D:7      | Reached skill level 9 in Axes
  4937 | D:7      | Got an ichor-stained great mace
  4943 | D:7      | Identified the +10 great mace of Girohyti {drain, MR+
                  | Dex+5} (You found it on level 7 of the Dungeon)
  4980 | D:7      | Reached skill level 3 in Armour
  5007 | D:7      | Identified the +2 ring mail of the Original Sin {rPois rF+
                  | Int+2 Dex-3}
  5017 | D:7      | Reached XP level 9. HP: 53/73 MP: 8/8
  5115 | D:7      | Reached skill level 5 in Fighting
  5157 | D:7      | Found a white marble altar of Elyvilon.
  5157 | D:7      | Noticed Duvessa
  5158 | D:7      | Noticed Dowan
  5168 | D:7      | Killed Duvessa
  5168 | D:7      | Reached skill level 4 in Armour
  5178 | D:7      | Killed Dowan
  5440 | D:7      | Reached skill level 6 in Fighting
  5985 | D:8      | Found a sand-covered staircase.
  5991 | Ossuary  | Entered an ossuary
  5998 | Ossuary  | Reached ** piety under Makhleb
  6011 | Ossuary  | Reached skill level 5 in Armour
  6085 | Ossuary  | Reached skill level 1 in Invocations
  6100 | Ossuary  | Reached skill level 7 in Fighting
  6333 | D:8      | Reached skill level 2 in Invocations
  6378 | D:8      | Noticed a two-headed ogre
  6382 | D:8      | Killed a two-headed ogre
  6382 | D:8      | Reached skill level 6 in Armour
  6382 | D:8      | Reached skill level 3 in Invocations
  6382 | D:8      | Reached XP level 10. HP: 70/88 MP: 11/11
  6442 | D:8      | Reached skill level 8 in Fighting
  6469 | D:8      | Reached *** piety under Makhleb
  6469 | D:8      | Reached skill level 4 in Invocations
  6513 | D:8      | Found a runed translucent door.
  6513 | D:8      | Noticed kae's ghost (novice DrTm)
  7313 | D:6      | Got an emerald-encrusted ring mail
  7324 | D:6      | Identified the +5 ring mail "Baevuex" {rN+ Int+4} (You
                  | found it on level 6 of the Dungeon)
  7461 | D:8      | Killed kae's ghost
  7461 | D:8      | Reached skill level 1 in Dodging
  7630 | D:9      | Reached skill level 5 in Invocations
  7685 | D:9      | Found Caguxig's Magic Scroll Emporium.
  7686 | D:9      | Reached skill level 7 in Armour
  7742 | D:9      | Reached skill level 2 in Dodging
  7804 | D:9      | Noticed a two-headed ogre
  7809 | D:9      | Killed a two-headed ogre
  7809 | D:9      | Reached skill level 9 in Fighting
  8001 | D:9      | Reached skill level 3 in Dodging
  8007 | D:9      | Reached skill level 6 in Invocations
  8017 | D:9      | Reached XP level 11. HP: 97/97 MP: 14/14
  8073 | D:9      | Noticed Harold
  8079 | D:9      | Killed Harold
  8553 | D:10     | Entered Level 10 of the Dungeon
  8553 | D:10     | Found Plog's Jewellery Shoppe.
  8558 | D:10     | Bought a +4 ring of evasion for 504 gold pieces
  8773 | D:10     | Reached **** piety under Makhleb
  8850 | D:10     | Reached skill level 4 in Dodging
  8893 | D:10     | Killed an unseen horror
  8893 | D:10     | Reached skill level 8 in Armour
  8893 | D:10     | Reached skill level 7 in Invocations
  8911 | D:10     | Found a staircase to the Lair.
  8974 | D:10     | Identified +0 steam dragon scales
  9241 | D:11     | Reached skill level 10 in Fighting
  9372 | D:11     | Reached ***** piety under Makhleb
  9826 | D:11     | Found Puoxt's Book Emporium.
  9835 | D:11     | Noticed a green ugly thing
  9844 | D:11     | Killed a green ugly thing
  9878 | D:11     | Killed an unseen horror
  9878 | D:11     | Reached skill level 5 in Dodging
 10118 | D:12     | Reached skill level 8 in Invocations
 10267 | D:12     | Killed an unseen horror
 10267 | D:12     | Reached XP level 12. HP: 108/108 MP: 17/17
 10273 | D:12     | Found Avydi's Assorted Antiques.
 10283 | D:12     | Bought a warped graven amulet for 145 gold pieces
 10283 | D:12     | Bought a scroll of identify for 58 gold pieces
 10283 | D:12     | Identified the amulet "Ceigam" {Faith Dex+4 Slay+5} (You
                  | bought it in a shop on level 12 of the Dungeon)
 10345 | D:12     | Found a flagged portal.
 10354 | Bailey   | Entered a bailey
 10556 | Bailey   | Found a bloodstained altar of Trog.
 10720 | D:12     | Reached skill level 9 in Armour
 10803 | D:12     | Bought a small coral ring for 145 gold pieces
 11387 | D:11     | Noticed a four-headed hydra
 11397 | D:11     | Killed a four-headed hydra
 11397 | D:11     | Reached skill level 11 in Fighting
 11397 | D:11     | Reached skill level 6 in Dodging
 11408 | D:11     | Noticed a two-headed ogre
 11414 | D:11     | Killed a two-headed ogre
 11414 | D:11     | Reached skill level 9 in Invocations
 11482 | D:11     | Found a staircase to the Orcish Mines.
 11957 | Orc:1    | Entered Level 1 of the Orcish Mines
 12003 | Orc:1    | Found Odaig's Assorted Antiques.
 12131 | Orc:2    | Entered Level 2 of the Orcish Mines
 12140 | Orc:2    | Noticed an orc warlord
 12397 | Orc:2    | Killed an orc warlord
 12769 | Orc:2    | Reached skill level 7 in Dodging
 12777 | Orc:2    | Noticed a two-headed ogre
 12778 | Orc:2    | Noticed a two-headed ogre
 12786 | Orc:2    | Noticed an ogre mage
 12789 | Orc:2    | Noticed a two-headed ogre
 12790 | Orc:2    | Noticed a two-headed ogre
 12793 | Orc:2    | Killed a two-headed ogre
 12793 | Orc:2    | Reached XP level 13. HP: 117/117 MP: 19/19
 12796 | Orc:2    | Killed an ogre mage
 12796 | Orc:2    | Reached skill level 10 in Armour
 12796 | Orc:2    | Reached skill level 10 in Invocations
 12807 | Orc:2    | Reached skill level 12 in Fighting
 12854 | Orc:2    | Reached skill level 8 in Dodging
 12878 | Orc:2    | Noticed an orc warlord
 12893 | Orc:2    | Killed an orc warlord
 12919 | Orc:2    | Found Linkuc's Antique Weapon Boutique.
 13120 | Orc:2    | Found Geck's General Store.
 13133 | Orc:2    | Found Gutuerut's Assorted Antiques.
 13141 | Orc:2    | Found Etwot's Antique Armour Shop.
 13142 | Orc:2    | Found Pagremp's Magic Scroll Shop.
 13147 | Orc:2    | Found a runed translucent gate.
 13149 | Orc:2    | Found a staircase to the Elven Halls.
 13152 | Orc:2    | Found a runed translucent gate.
 13152 | Orc:2    | Found a runed translucent gate.
 13152 | Orc:2    | Noticed krystol's ghost (journeyman OgVM)
 13503 | Orc:2    | HP: 4/119 [krystol's ghost/stone arrow (27)]
 13509 | Orc:2    | Killed krystol's ghost
 13509 | Orc:2    | Reached skill level 11 in Invocations
 13836 | Orc:1    | Found Bicsias's Assorted Antiques.
 13870 | Orc:1    | Found Dopisti's Armour Shop.
 13889 | Orc:1    | Found Tumu's Jewellery Emporium.
 13912 | Orc:1    | Found the +10 tower shield of Ignorance {rN+ Int-4}
 13994 | Elf:1    | Entered Level 1 of the Elven Halls
 14193 | Orc:1    | Found a runed translucent door.
 14218 | Orc:1    | Found a runed translucent door.
 14262 | Orc:1    | Noticed a balrug
 14265 | Orc:1    | HP: 9/119 [balrug/+0 demon whip of electrocution[the player
                  | character] (18)]
 14265 | Orc:1    | Slain by a balrug

Vanquished Creatures
  The ghost of krystol the Severer, a journeyman OgVM of Elyvilon (Orc:2)
  2 orc warlords (Orc:2)
  Harold (D:9)
  2 ogre magi (Orc:2)
  A hydra (D:11)
  11 two-headed ogres
  An iron troll (Orc:2)
  The ghost of kae the Grappler, a novice DrTm of Uskayaw (D:8)
  A deep troll (Orc:2)
  3 unseen horrors
  An orc knight (Bailey)
  An ugly thing (D:11)
  3 cyclopes
  11 trolls
  2 hippogriffs (D:9)
  2 water elementals
  2 wraiths
  5 yaks (D:12)
  A steam dragon (D:10)
  An acid dragon (D:12)
  A porcupine (D:10)
  Duvessa (D:7)
  2 water moccasins
  3 sky beasts
  4 ice beasts
  28 orc warriors
  3 black bears
  4 phantoms
  An eye of draining (D:10)
  23 ogres
  3 centaurs
  An elf zombie (D:8)
  A big kobold (D:11)
  5 bullfrogs
  A gnoll sergeant (D:6)
  A wyvern zombie (D:9)
  Dowan (D:7)
  4 elf skeletons (D:8)
  2 wyvern skeletons (D:9)
  6 scorpions
  A water moccasin skeleton (D:6)
  12 killer bees
  2 electric eels (D:11)
  11 wights
  3 howler monkeys
  2 centaur zombies (Ossuary)
  5 hounds
  6 bullfrog zombies
  2 quasits
  Crazy Yiuf (D:6)
  3 jellies
  23 orc wizards
  2 bullfrog skeletons
  16 orc priests
  3 centaur skeletons
  2 iguanas
  8 worker ants
  2 killer bee zombies
  A hound skeleton (D:11)
  6 hound zombies (Ossuary)
  12 mummies (Ossuary)
  5 worker ant zombies
  7 gnolls (D:6)
  A howler monkey skeleton (D:4)
  13 adders
  A shadow imp (D:8)
  3 white imps
  2 ufetubi
  3 adder zombies
  4 dart slugs (D:1)
  2 worms
  6 leopard geckos
  97 orcs
  2 ball pythons
  10 giant cockroaches
  16 goblins
  9 hobgoblins
  14 jackals
  15 kobolds
  4 quokkas
  5 bats
  4 frilled lizards
  2 jackal zombies (Ossuary)
  A leopard gecko zombie (Ossuary)
  An orc skeleton (D:8)
  2 quokka skeletons
  A quokka zombie (Ossuary)
  4 rats
505 creatures vanquished.

Vanquished Creatures (collateral kills)
  An orc knight (Bailey)
  A gnoll (Bailey)
  A hobgoblin (Bailey)
3 creatures vanquished.

Vanquished Creatures (others)
  2 orcs (Orc:2)
  6 fungi (D:10)
  8 plants (D:10)
  8 withered plants
24 creatures vanquished.

Grand Total: 532 creatures vanquished
